General information
- name: BNet
- type: Ladder team game (AT/RT)
- host: Battle.net
- saver: Doodlebug122
map: Dragonblight
- players: 6
- length: 114:57
- speed: Fast
- version: 1.26 W3XP
- replay type: Public
» download(444 KB)
Players
team 1 (loser)
Elf (
pink | 90 APM | 10372 actions | 114:54)
6 Demon Hunter
3 Mana Burn
2 Evasion
1 Metamorphosis
5 Beastmaster
2 Summon Quilbeast
2 Summon Bear
1 Summon Hawk
3 Goblin Tinker
1 Pocket Factory
1 Engineering Upgrade
1 Cluster Rockets
2 Priestess of the Moon
1 Trueshot Aura
1 Scout
» actions
| Assign group hotkey | 52 | |
| Basic commands | 24 | |
| Build / train | 243 | |
| Enter build submenu | 106 | |
| Enter hero's abilities submenu | 16 | |
| Give item / drop item | 7 | |
| Remove unit from queue | 30 | |
| Right click | 5340 | |
| Select / deselect | 2353 | |
| Select group hotkey | 1800 | |
| Use ability | 399 | |
10372 total
» units
| Wisp | 85 | |
| Archer | 25 | |
| Dryad | 7 | |
| Druid of the Claw | 9 | |
| Glaive Thrower | 17 | |
| Chimaera | 1 | |
| Hippogryph | 10 | |
| Faerie Dragon | 12 | |
| Druid of the Talon | 2 | |
168 total
» upgrades
| Abolish Magic | 1 | |
| Druid of the Claw Training | 2 | |
| Mark of the Claw | 1 | |
| Strength of the Wild | 2 | |
| Reinforced Hides | 1 | |
| Strength of the Moon | 3 | |
| Improved Bows | 1 | |
| Marksmanship | 1 | |
| Hippogryph Taming | 1 | |
| Moon Armor | 1 | |
| Druid of the Talon Training | 1 | |
15 total
» buildings
| Altar of Elders | 2 | |
| Moon Well | 22 | |
| Ancient of War | 6 | |
| Ancient of Wonders | 3 | |
| Tree of Ages | 8 | |
| Hunter's Hall | 4 | |
| Ancient of Lore | 3 | |
| Tree of Eternity | 3 | |
| Tree of Life | 18 | |
| Ancient Protector | 29 | |
| Ancient of Wind | 2 | |
100 total
» build order
00:05 Altar of Elders
00:20 Moon Well
00:34 Ancient of War
01:36 Moon Well
02:21 Moon Well
02:43 Ancient of Wonders
03:29 Tree of Ages
03:33 Hunter's Hall
05:33 Moon Well
06:03 Ancient of Lore
06:06 Ancient of Lore
06:08 Ancient of Lore
06:13 Tree of Eternity
06:14 Tree of Eternity
06:17 Moon Well
07:20 Moon Well
24:46 Moon Well
31:20 Tree of Life
31:22 Tree of Life
40:18 Ancient Protector
40:21 Ancient Protector
41:28 Tree of Life
44:40 Tree of Life
48:30 Hunter's Hall
48:33 Ancient of Wonders
48:56 Moon Well
49:25 Moon Well
49:42 Ancient Protector
50:21 Ancient Protector
50:25 Ancient Protector
50:38 Ancient Protector
51:05 Ancient Protector
51:42 Ancient Protector
51:57 Ancient Protector
52:11 Tree of Ages
52:56 Tree of Life
55:00 Tree of Life
55:27 Ancient of War
55:33 Tree of Life
55:36 Ancient Protector
55:57 Ancient Protector
60:40 Moon Well
61:03 Ancient Protector
61:26 Tree of Ages
61:30 Ancient Protector
62:23 Tree of Life
63:32 Ancient of War
63:37 Ancient Protector
63:53 Ancient Protector
63:56 Ancient Protector
63:58 Ancient Protector
64:02 Ancient Protector
64:19 Ancient of War
64:29 Ancient Protector
64:37 Ancient Protector
64:39 Ancient Protector
69:35 Ancient Protector
69:52 Ancient Protector
69:55 Ancient Protector
70:15 Hunter's Hall
70:20 Hunter's Hall
70:23 Moon Well
70:56 Moon Well
71:43 Ancient Protector
72:37 Ancient of War
72:41 Moon Well
72:44 Ancient of War
73:03 Moon Well
73:36 Ancient Protector
74:24 Tree of Life
76:13 Ancient of Wonders
76:16 Tree of Ages
76:16 Tree of Ages
76:16 Tree of Ages
76:16 Tree of Ages
79:19 Ancient Protector
80:54 Ancient of Wind
80:57 Moon Well
81:17 Altar of Elders
82:31 Tree of Eternity
84:12 Ancient Protector
84:18 Ancient of Wind
85:58 Moon Well
86:03 Moon Well
88:48 Ancient Protector
94:18 Tree of Life
94:55 Tree of Life
96:18 Moon Well
96:20 Moon Well
97:07 Moon Well
97:30 Moon Well
97:31 Moon Well
99:21 Tree of Life
101:19 Tree of Life
101:41 Tree of Life
103:23 Tree of Life
107:26 Tree of Life
109:38 Tree of Life
112:01 Tree of Life
» items
| Potion of Healing | 2 | |
| Staff of Preservation | 1 | |
| Orb of Venom | 1 | |
| Boots of Speed | 1 | |
| Moonstone | 1 | |
6 total

»
TheOlyKid (
blue | 31 APM | 954 actions | 30:40)
5 Demon Hunter
3 Immolation
2 Evasion
3 Priestess of the Moon
2 Searing Arrows
1 Trueshot Aura
» actions
| Basic commands | 12 | |
| Build / train | 102 | |
| Enter build submenu | 25 | |
| Enter hero's abilities submenu | 8 | |
| Remove unit from queue | 1 | |
| Right click | 305 | |
| Select / deselect | 444 | |
| Use ability | 57 | |
954 total
» units
| Wisp | 40 | |
| Archer | 15 | |
| Chimaera | 13 | |
| Hippogryph | 13 | |
| Glaive Thrower | 1 | |
82 total
» upgrades
| Reinforced Hides | 3 | |
| Corrosive Breath | 1 | |
| Strength of the Wild | 2 | |
6 total
» buildings
| Altar of Elders | 1 | |
| Moon Well | 8 | |
| Ancient of War | 1 | |
| Hunter's Hall | 1 | |
| Ancient of Wonders | 1 | |
| Tree of Life | 4 | |
| Tree of Ages | 1 | |
| Ancient Protector | 3 | |
| Tree of Eternity | 1 | |
| Ancient of Wind | 1 | |
| Chimaera Roost | 3 | |
25 total
» build order
00:08 Altar of Elders
00:15 Moon Well
00:20 Ancient of War
01:40 Moon Well
02:44 Moon Well
03:48 Hunter's Hall
05:18 Ancient of Wonders
05:33 Tree of Life
05:42 Tree of Ages
05:59 Ancient Protector
06:11 Ancient Protector
09:00 Tree of Eternity
09:41 Ancient of Wind
10:07 Ancient Protector
11:35 Chimaera Roost
11:41 Chimaera Roost
11:48 Chimaera Roost
11:53 Moon Well
11:58 Moon Well
12:51 Moon Well
13:04 Moon Well
13:09 Moon Well
18:12 Tree of Life
22:23 Tree of Life
24:56 Tree of Life

»
lickmynobunoob (
purple | 24 APM | 706 actions | 28:55)
» actions
| Assign group hotkey | 8 | |
| Basic commands | 14 | |
| Build / train | 57 | |
| Enter build submenu | 12 | |
| Remove unit from queue | 3 | |
| Right click | 142 | |
| Select / deselect | 255 | |
| Select group hotkey | 166 | |
| Use ability | 49 | |
706 total
» units
» upgrades
| Ranged Weapons | 3 | |
| Armor | 1 | |
| Liquid Fire | 1 | |
5 total
» buildings
| Orc Burrow | 5 | |
| War Mill | 1 | |
| Stronghold | 1 | |
| Beastiary | 4 | |
| Voodoo Lounge | 1 | |
| Altar of Storms | 1 | |
| Fortress | 1 | |
14 total
» build order
00:07 Orc Burrow
01:07 War Mill
01:34 Stronghold
01:51 Orc Burrow
04:02 Beastiary
04:04 Beastiary
04:11 Orc Burrow
05:26 Voodoo Lounge
05:28 Beastiary
06:06 Beastiary
07:19 Altar of Storms
08:30 Fortress
08:56 Orc Burrow
09:02 Orc Burrow
team 2 (winner)
Doodlebug122 (
green | 48 APM | 5514 actions | 114:57)
8 Archmage
3 Blizzard
3 Brilliance Aura
1 Mass Teleport
1 Summon Water Elemental
4 Blademaster
1 Wind Walk
2 Critical Strike
1 Bladestorm
7 Blood Mage
3 Flame Strike
3 Siphon Mana
1 Summon Phoenix
» actions
| Assign group hotkey | 6 | |
| Basic commands | 114 | |
| Build / train | 223 | |
| ESC pressed | 26 | |
| Enter build submenu | 170 | |
| Enter hero's abilities submenu | 19 | |
| Give item / drop item | 1 | |
| Remove unit from queue | 1 | |
| Right click | 1553 | |
| Select / deselect | 991 | |
| Select group hotkey | 1766 | |
| Use ability | 644 | |
5514 total
» units
| Peasant | 17 | |
| Peon | 16 | |
| Goblin Shredder | 1 | |
| Wind Rider | 1 | |
| Sorceress | 1 | |
| Priest | 2 | |
| Dragonhawk Rider | 11 | |
| Troll Batrider | 41 | |
| Kodo Beast | 1 | |
91 total
» upgrades
| Masonry | 3 | |
| Sorceress Training | 1 | |
| Ranged Weapons | 3 | |
| Armor | 1 | |
| Magic Sentry | 1 | |
| Liquid Fire | 1 | |
10 total
» buildings
| Altar of Kings | 1 | |
| Farm | 5 | |
| Lumber Mill | 2 | |
| Arcane Vault | 1 | |
| Orc Burrow | 5 | |
| Scout Tower | 239 | |
| Voodoo Lounge | 1 | |
| Keep | 2 | |
| War Mill | 1 | |
| Guard Tower | 77 | |
| Arcane Tower | 1 | |
| Arcane Sanctum | 1 | |
| Stronghold | 1 | |
| Beastiary | 4 | |
| Town Hall | 7 | |
| Gryphon Aviary | 1 | |
| Watch Tower | 9 | |
| Fortress | 1 | |
| Castle | 1 | |
| Great Hall | 3 | |
363 total
» build order
00:07 Altar of Kings
00:19 Farm
00:38 Lumber Mill
00:53 Farm
01:35 Arcane Vault
02:17 Orc Burrow
02:38 Scout Tower
02:50 Voodoo Lounge
03:03 Keep
03:05 Farm
03:08 Scout Tower
03:10 Scout Tower
03:32 War Mill
03:44 Guard Tower
03:46 Scout Tower
03:47 Scout Tower
03:49 Scout Tower
03:55 Orc Burrow
04:11 Guard Tower
04:12 Scout Tower
04:14 Scout Tower
04:32 Arcane Tower
04:42 Scout Tower
05:04 Scout Tower
05:06 Guard Tower
05:10 Scout Tower
05:24 Scout Tower
05:29 Arcane Sanctum
05:32 Stronghold
06:00 Scout Tower
06:00 Scout Tower
06:07 Scout Tower
06:08 Scout Tower
06:12 Scout Tower
07:16 Guard Tower
07:41 Scout Tower
07:59 Beastiary
08:00 Beastiary
08:02 Beastiary
08:08 Orc Burrow
08:55 Farm
09:20 Town Hall
09:23 Guard Tower
09:25 Scout Tower
09:59 Orc Burrow
10:05 Guard Tower
10:13 Scout Tower
10:39 Gryphon Aviary
10:53 Scout Tower
10:55 Scout Tower
10:56 Scout Tower
11:05 Watch Tower
11:08 Watch Tower
11:10 Watch Tower
11:12 Watch Tower
11:15 Watch Tower
11:19 Scout Tower
11:20 Scout Tower
11:21 Scout Tower
11:21 Scout Tower
11:22 Scout Tower
11:23 Scout Tower
11:37 Guard Tower
11:39 Scout Tower
11:40 Scout Tower
11:42 Scout Tower
11:43 Scout Tower
12:07 Guard Tower
12:09 Guard Tower
12:24 Guard Tower
12:54 Town Hall
12:59 Scout Tower
13:37 Fortress
13:47 Scout Tower
13:48 Scout Tower
13:48 Scout Tower
13:49 Scout Tower
13:50 Scout Tower
13:50 Scout Tower
13:51 Scout Tower
13:55 Scout Tower
13:56 Scout Tower
13:57 Scout Tower
14:02 Scout Tower
14:03 Scout Tower
14:04 Scout Tower
14:06 Scout Tower
15:49 Guard Tower
16:20 Watch Tower
16:27 Guard Tower
19:03 Keep
19:05 Farm
19:14 Scout Tower
19:16 Scout Tower
19:16 Scout Tower
19:34 Orc Burrow
19:38 Beastiary
19:47 Scout Tower
19:47 Scout Tower
19:48 Scout Tower
19:48 Scout Tower
19:49 Scout Tower
19:50 Scout Tower
19:50 Scout Tower
20:26 Guard Tower
21:40 Scout Tower
21:42 Scout Tower
21:43 Scout Tower
21:44 Scout Tower
22:04 Scout Tower
22:05 Scout Tower
23:12 Guard Tower
23:13 Scout Tower
23:14 Scout Tower
23:15 Guard Tower
23:17 Castle
23:25 Guard Tower
23:27 Scout Tower
23:30 Scout Tower
23:30 Scout Tower
23:31 Scout Tower
23:50 Scout Tower
23:52 Guard Tower
23:55 Scout Tower
24:23 Town Hall
24:25 Guard Tower
24:27 Scout Tower
24:27 Scout Tower
24:28 Scout Tower
24:29 Scout Tower
24:46 Scout Tower
24:48 Guard Tower
24:50 Guard Tower
24:51 Scout Tower
24:58 Guard Tower
25:06 Guard Tower
25:41 Scout Tower
25:42 Scout Tower
25:43 Guard Tower
26:01 Scout Tower
26:02 Guard Tower
26:06 Scout Tower
26:07 Guard Tower
26:57 Guard Tower
27:30 Guard Tower
27:31 Scout Tower
27:55 Guard Tower
29:03 Scout Tower
29:04 Scout Tower
29:04 Scout Tower
29:09 Watch Tower
29:30 Guard Tower
29:33 Scout Tower
30:57 Scout Tower
30:57 Scout Tower
31:05 Scout Tower
31:06 Scout Tower
33:15 Great Hall
33:20 Scout Tower
33:29 Guard Tower
33:31 Scout Tower
33:44 Guard Tower
34:11 Guard Tower
34:49 Scout Tower
34:50 Scout Tower
36:48 Guard Tower
38:25 Great Hall
38:38 Scout Tower
38:39 Scout Tower
38:47 Scout Tower
38:48 Guard Tower
39:19 Guard Tower
39:20 Scout Tower
39:22 Scout Tower
39:22 Scout Tower
39:23 Scout Tower
39:38 Guard Tower
41:06 Scout Tower
41:07 Scout Tower
41:08 Scout Tower
41:20 Guard Tower
41:22 Scout Tower
42:24 Guard Tower
44:42 Guard Tower
44:44 Scout Tower
44:45 Scout Tower
44:45 Scout Tower
44:46 Scout Tower
44:47 Scout Tower
46:59 Scout Tower
46:59 Scout Tower
47:00 Scout Tower
47:08 Guard Tower
47:12 Scout Tower
47:13 Scout Tower
47:14 Scout Tower
47:15 Scout Tower
47:21 Scout Tower
47:21 Scout Tower
47:22 Scout Tower
48:13 Guard Tower
48:19 Guard Tower
48:21 Scout Tower
48:21 Scout Tower
48:22 Scout Tower
48:22 Scout Tower
49:46 Town Hall
51:32 Guard Tower
51:54 Scout Tower
51:56 Scout Tower
51:57 Scout Tower
52:04 Guard Tower
53:19 Guard Tower
53:21 Scout Tower
53:22 Scout Tower
53:23 Scout Tower
53:24 Guard Tower
53:31 Scout Tower
53:32 Scout Tower
53:33 Scout Tower
53:33 Scout Tower
53:40 Scout Tower
53:41 Scout Tower
53:41 Scout Tower
53:43 Scout Tower
53:44 Scout Tower
53:44 Scout Tower
54:08 Great Hall
55:25 Town Hall
55:28 Scout Tower
55:29 Scout Tower
55:30 Scout Tower
55:30 Scout Tower
55:30 Scout Tower
55:33 Guard Tower
55:36 Scout Tower
55:36 Scout Tower
55:37 Scout Tower
55:37 Scout Tower
55:38 Scout Tower
57:43 Guard Tower
57:57 Guard Tower
57:59 Scout Tower
58:00 Scout Tower
58:01 Scout Tower
58:02 Scout Tower
58:54 Scout Tower
58:55 Scout Tower
62:33 Guard Tower
62:45 Scout Tower
62:46 Scout Tower
62:46 Scout Tower
62:47 Scout Tower
62:48 Scout Tower
62:48 Scout Tower
62:49 Scout Tower
62:50 Scout Tower
62:50 Scout Tower
62:51 Scout Tower
62:52 Scout Tower
62:53 Scout Tower
62:54 Scout Tower
62:54 Scout Tower
62:55 Scout Tower
62:56 Scout Tower
62:56 Scout Tower
63:03 Town Hall
63:08 Scout Tower
63:09 Scout Tower
63:09 Scout Tower
63:11 Scout Tower
63:12 Scout Tower
63:13 Scout Tower
63:14 Scout Tower
63:16 Scout Tower
63:16 Scout Tower
64:58 Watch Tower
64:59 Watch Tower
66:25 Guard Tower
66:30 Guard Tower
67:43 Scout Tower
67:44 Scout Tower
68:00 Guard Tower
72:17 Scout Tower
72:17 Scout Tower
72:18 Scout Tower
72:18 Scout Tower
72:20 Scout Tower
72:21 Scout Tower
72:22 Scout Tower
72:23 Scout Tower
72:23 Scout Tower
72:23 Scout Tower
72:25 Guard Tower
73:15 Guard Tower
74:35 Guard Tower
74:39 Scout Tower
74:42 Scout Tower
75:28 Guard Tower
76:01 Scout Tower
76:02 Scout Tower
76:03 Scout Tower
76:18 Guard Tower
76:59 Guard Tower
77:13 Lumber Mill
78:23 Guard Tower
78:26 Scout Tower
78:26 Scout Tower
78:27 Scout Tower
78:28 Scout Tower
78:29 Scout Tower
78:30 Scout Tower
78:31 Scout Tower
78:32 Scout Tower
78:33 Scout Tower
80:08 Guard Tower
80:12 Scout Tower
80:12 Scout Tower
80:14 Scout Tower
81:39 Guard Tower
81:55 Scout Tower
81:55 Scout Tower
81:57 Guard Tower
82:03 Town Hall
82:25 Guard Tower
82:29 Scout Tower
82:30 Scout Tower
82:31 Scout Tower
82:37 Scout Tower
82:38 Scout Tower
82:40 Scout Tower
82:41 Scout Tower
82:41 Scout Tower
82:43 Scout Tower
82:44 Scout Tower
82:44 Scout Tower
82:45 Scout Tower
82:45 Scout Tower
84:03 Guard Tower
84:07 Guard Tower
84:09 Scout Tower
84:10 Scout Tower
84:11 Scout Tower
84:12 Scout Tower
84:12 Scout Tower
84:13 Scout Tower
84:14 Scout Tower
84:15 Scout Tower
84:18 Guard Tower
85:35 Guard Tower
85:40 Guard Tower
85:57 Guard Tower
86:05 Guard Tower
86:33 Guard Tower
86:49 Guard Tower
87:21 Scout Tower
87:22 Scout Tower
87:24 Guard Tower
96:14 Guard Tower
96:20 Scout Tower
96:20 Scout Tower
97:13 Guard Tower
» items
| Scroll of Regeneration | 1 | |
| Healing Salve | 2 | |
| Lesser Clarity Potion | 2 | |
| Staff of Teleportation | 2 | |
| Ivory Tower | 7 | |
14 total
Air (
teal | 47 APM | 5440 actions | 114:54)
4 Blademaster
2 Wind Walk
2 Critical Strike
» actions
| Basic commands | 14 | |
| Build / train | 105 | |
| Enter build submenu | 54 | |
| Enter hero's abilities submenu | 5 | |
| Remove unit from queue | 3 | |
| Right click | 4241 | |
| Select / deselect | 914 | |
| Use ability | 103 | |
5440 total
» units
| Peon | 8 | |
| Grunt | 9 | |
| Troll Headhunter/Berserker | 6 | |
| Troll Batrider | 68 | |
91 total
» buildings
| Altar of Storms | 2 | |
| Orc Burrow | 8 | |
| Barracks | 1 | |
| Voodoo Lounge | 2 | |
| War Mill | 1 | |
| Stronghold | 1 | |
| Watch Tower | 21 | |
| Beastiary | 3 | |
| Great Hall | 1 | |
40 total
» build order
00:37 Altar of Storms
00:46 Orc Burrow
01:44 Barracks
02:11 Altar of Storms
02:37 Orc Burrow
02:53 Voodoo Lounge
04:21 Voodoo Lounge
04:44 War Mill
05:28 Orc Burrow
06:14 Stronghold
06:34 Orc Burrow
07:24 Watch Tower
07:32 Watch Tower
08:21 Watch Tower
10:06 Beastiary
10:10 Watch Tower
11:08 Orc Burrow
11:24 Orc Burrow
11:37 Watch Tower
13:35 Watch Tower
13:56 Watch Tower
19:36 Watch Tower
19:41 Watch Tower
19:46 Watch Tower
21:58 Watch Tower
22:00 Watch Tower
23:47 Watch Tower
24:53 Watch Tower
24:57 Watch Tower
25:36 Watch Tower
25:58 Watch Tower
26:02 Watch Tower
26:15 Watch Tower
26:54 Watch Tower
27:10 Watch Tower
31:07 Great Hall
52:24 Beastiary
54:28 Beastiary
60:35 Orc Burrow
75:08 Orc Burrow
» items
| Healing Salve | 1 | |
| Lesser Clarity Potion | 3 | |
4 total
Ultron. (
red | 1 APM | 2 actions | 02:06)
» actions
| Right click | 1 | |
| Select / deselect | 1 | |
2 total
Chat log
(00:05 / All) lickmynobunoob: ULTRON U STPID TBICH
(00:16 / All) Doodlebug122: lol this guy always rages
(00:24 / All) Ultron.: theyre bringing home the bacon!
(00:24 / All) lickmynobunoob: FUCKIGN BEAT U NOBS
(00:26 / All) Doodlebug122: u need therapy my boy
(00:33 / All) Ultron.: who me
(00:35 / All) Ultron.: i know
(00:40 / All) Doodlebug122: no purp
(00:42 / All) Doodlebug122: hes a rager
(00:42 / Allies) Ultron.: oh
(00:45 / Allies) Ultron.: gotta go guys
(00:47 / Allies) Ultron.: so sorry
(00:51 / Allies) Air: wtf red
(00:54 / Allies) Air: like cmon
(00:59 / Allies) Ultron.: gotta go
(01:02 / Allies) Air: sick
(01:03 / Allies) Doodlebug122: trolling
(01:08 / Allies) Ultron.: sorry
(01:12 / Allies) Air: no ur not
(01:14 / Allies) Air: bitch
(01:23 / Allies) Ultron.: gotta pick your mum up from work
(01:27 / Allies) Air: oh ok
(01:30 / Allies) Air: cool tell he i say hi
(01:35 / Allies) Ultron.: u know she gets mad if im late
(01:45 / Allies) Doodlebug122: ur pretty funny dude
(01:50 / Allies) Ultron.: sorry
(01:52 / All) Ultron.: i will go
(01:55 / Allies) Ultron.: off battlenet
(01:58 / All) lickmynobunoob: STFU NOOB
(02:00 / Allies) Ultron.: sorry for rude jokes
(02:02 / All) Ultron.: OH
(02:03 / Allies) Air: cool
(02:05 / Allies) Air: stfu
(02:07 / Allies) Air: leave
(02:31 / All) lickmynobunoob: leaveu cunts
(02:40 / All) Doodlebug122: ur very rude
(12:56 / All) lickmynobunoob: HAHA
(12:59 / All) lickmynobunoob: NOOBS
(13:02 / All) Doodlebug122: wat
(13:07 / All) lickmynobunoob: FUCK U NOOB
(13:14 / All) Doodlebug122: whoa there my boy
(13:17 / All) Doodlebug122: tone it down a notch
(13:23 / All) lickmynobunoob: TFU NOB
(13:24 / All) TheOlyKid: hes is actually a girl
(15:01 / All) Doodlebug122: we got us a maphacker
(15:16 / All) lickmynobunoob: ?
(15:30 / All) Doodlebug122: i said we got us a maphacker
(15:33 / All) lickmynobunoob: ura noob
(15:50 / All) lickmynobunoob: im goin to TK NOW
(16:16 / All) lickmynobunoob: lekt me tk OPLY BITCH
(16:27 / All) lickmynobunoob: U STUPID CUNT NOOOB
(16:28 / Allies) Doodlebug122: move
(16:30 / Allies) Doodlebug122: teal wtf
(17:36 / All) lickmynobunoob: SO NOOB OLY U BTICH
(17:54 / All) lickmynobunoob: bet u lose noob
(17:55 / All) lickmynobunoob: ROFL U SHIT
(18:16 / All) lickmynobunoob: STUPID OLY NOOB
(18:37 / All) lickmynobunoob: STUPID OLY NOOB SHIT
(18:38 / All) lickmynobunoob: ROFL
(18:48 / All) TheOlyKid: lol you have a small dick lol
(18:52 / All) lickmynobunoob: u sthi
(18:53 / All) TheOlyKid: fucking dick sucking faget
(18:57 / All) lickmynobunoob: ur shit noob
(19:13 / All) lickmynobunoob: laugh its your fault noob
(19:23 / All) lickmynobunoob: ur just a loser
(19:24 / All) Doodlebug122: ur very rude
(19:36 / All) lickmynobunoob: i tkd him dont worry
(19:38 / All) lickmynobunoob: hes a noob
(20:00 / All) lickmynobunoob: jerk noob
(20:16 / Allies) Doodlebug122: u there teal??
(21:28 / All) lickmynobunoob: wtf?
(21:28 / All) lickmynobunoob: why
(21:29 / All) lickmynobunoob: i tk?
(21:32 / All) lickmynobunoob: U BITCH
(21:48 / All) lickmynobunoob: ur a loser bro
(21:51 / All) Doodlebug122: no u
(22:09 / All) lickmynobunoob: yup
(23:37 / All) Doodlebug122: bleb
(23:53 / All) lickmynobunoob: olykid isa punk noob
(25:30 / All) lickmynobunoob: noob
(26:52 / All) lickmynobunoob: yo ucoudl actualy win and u just tower?
(26:53 / All) lickmynobunoob: wtf
(26:58 / All) Doodlebug122: bleb
(27:25 / Allies) Air: hes getting glaves
(27:27 / Allies) Air: so gg
(29:12 / Allies) Air: stop it
(29:15 / Allies) Air: stop that
(29:16 / Allies) Doodlebug122: wat
(29:26 / Allies) Air: idk how to ping
(29:27 / Allies) Air: ugh
(29:35 / Allies) Doodlebug122: ctrl click on map
(31:10 / All) Doodlebug122: bleb
(31:24 / Allies) Air: good shit green
(31:26 / Allies) Air: we got ths
(31:29 / Allies) Doodlebug122: awwww ye
(31:44 / Allies) Air: im getting money
(31:47 / Allies) Air: from my mine
(32:27 / Allies) Air: my friend is on the other team
(32:29 / Allies) Air: hes good
(32:34 / Allies) Air: so idk what should we do??
(32:59 / Allies) Air: he will get alot of units
(33:02 / Allies) Air: from his other people
(33:42 / Allies) Air: hes getting ait
(33:46 / Allies) Air: air
(33:52 / Allies) Doodlebug122: GOOD
(34:12 / Allies) Air: i think he is
(34:13 / Allies) Air: idk
(34:42 / Allies) Air: get those
(34:43 / Allies) Air: get those
(34:57 / Allies) Air: need to sto pthose we will win
(36:01 / Allies) Air: we need units
(36:43 / All) Doodlebug122: bleb
(36:49 / Allies) Air: what do we do>
(36:52 / Allies) Doodlebug122: win
(36:55 / Allies) Air: hes getting glves
(36:59 / Allies) Doodlebug122: and?
(37:02 / Allies) Air: our towers cant hit them
(37:07 / Allies) Doodlebug122: lol
(37:08 / Allies) Air: but it hits them
(37:45 / All) Doodlebug122: bleb
(37:47 / Allies) Air: thats not good
(37:53 / Allies) Doodlebug122: fartz
(38:41 / All) Doodlebug122: come and get us my boy
(40:41 / All) Doodlebug122: bleb
(42:59 / Allies) Air: go for his
(43:08 / Allies) Air: like barracks
(43:09 / Allies) Air: ans shit
(43:34 / Allies) Air: hit his other base
(44:13 / Allies) Air: we need to attack his other shit
(44:19 / All) Doodlebug122: bleb
(45:49 / All) Elf: faggot
(45:51 / All) Doodlebug122: reported
(46:12 / All) Air: reported
(46:12 / All) Doodlebug122: so many rudes this game
(46:42 / All) Doodlebug122: why are u still here my boy
(46:47 / All) Elf: stfu
(47:05 / All) Doodlebug122: are u enjoying being tortured?
(47:33 / All) Elf: fuck u faggot
(47:43 / All) Doodlebug122: thats very rude
(47:52 / All) Air: i know reported elf
(48:34 / All) Doodlebug122: hey ill leave ur main alone for 1 hour
(48:36 / All) Doodlebug122: fair?
(48:38 / All) Doodlebug122: then come attack
(48:41 / All) Elf: stfu faggot
(48:45 / All) Doodlebug122: im serious
(48:50 / All) Doodlebug122: let u build up again
(50:40 / Allies) Doodlebug122: teal u said this guy was ur friend?
(50:46 / Allies) Air: yeh lol
(50:50 / Allies) Air: im scared
(50:51 / Allies) Doodlebug122: how old are u guys
(50:52 / Allies) Air: hes good
(50:55 / Allies) Air: hes doing something
(51:21 / Allies) Air: idk what hes doing
(51:49 / Allies) Air: what d owe do??
(51:56 / Allies) Air: get alot of them
(51:59 / Allies) Air: and just kill him
(52:00 / Allies) Doodlebug122: how old are u guys
(52:06 / Allies) Air: im 15
(52:25 / All) Doodlebug122: feeding service incoming
(53:08 / All) Doodlebug122: sry
(53:16 / All) Doodlebug122: couldnt help myself
(54:15 / Allies) Air: we should bui;ld towers near his base
(54:16 / Allies) Air: lol
(54:22 / All) Doodlebug122: my boy
(54:25 / All) Doodlebug122: come on the grand tower tour
(54:31 / All) Doodlebug122: we didnt build em for nothing you know
(54:36 / All) Elf: stfu
(54:44 / All) Doodlebug122: still being a rude maddo
(54:50 / All) Elf: ur shit
(54:53 / All) Air: report elf
(54:55 / All) Elf: nice numbers in ur name faggot
(55:00 / All) Doodlebug122: gonna spank ur bottom when were done
(55:03 / All) Doodlebug122: red bottom spanking
(55:44 / Allies) Air: ok
(55:47 / Allies) Air: i think this is enough
(55:57 / Allies) Doodlebug122: we gotta keep torturing him
(56:02 / Allies) Air: yh
(56:52 / All) Doodlebug122: oops my fart
(56:54 / Allies) Air: wtf
(58:22 / Allies) Air: u take over
(58:29 / Allies) Air: u harrasee him
(59:13 / All) Doodlebug122: brb gonna make some tea
(59:18 / Allies) Air: kk
(64:10 / All) Doodlebug122: this game wont be over til youve taken the Grand Tower Tour
(64:14 / All) Doodlebug122: so chop chop my boy
(65:23 / Allies) Air: well
(65:28 / Allies) Air: we lost or tied
(65:31 / Allies) Air: we cant kill himn
(65:32 / Allies) Doodlebug122: lol no
(65:34 / Allies) Doodlebug122: ya we can
(65:40 / Allies) Doodlebug122: im just toying with him ya dumbus
(65:49 / Allies) Air: oh
(65:51 / Allies) Air: wtf
(65:53 / Allies) Air: end this shit
(65:55 / Allies) Doodlebug122: never
(65:57 / Allies) Air: i wana rub it in his face
(66:01 / Allies) Doodlebug122: not til he takes the grand tower tour
(66:12 / Allies) Air: ;p;p;
(66:14 / Allies) Air: lolo
(66:21 / All) Doodlebug122: Grand Tower Tour tickets now on sale!!
(66:33 / Allies) Doodlebug122: ty my boy
(67:00 / Allies) Air: so like
(67:05 / Allies) Air: we can wi nright cause
(67:13 / Allies) Air: like he always brags how he beats me
(67:19 / Allies) Air: cause hes better than me
(67:23 / Allies) Air: i wana beat him once
(67:29 / Allies) Doodlebug122: dont worry we win easy peasy
(67:32 / Allies) Air: kk
(67:34 / Allies) Air: awsome
(67:36 / Allies) Doodlebug122: its impossible for him to get through towers
(67:40 / Allies) Air: he got alot of towers lol
(67:45 / Allies) Air: and hes getting alot of gold
(67:55 / Allies) Doodlebug122: no hes wasting it all on new trees
(68:04 / Allies) Air: true
(68:08 / Allies) Air: should u kill another one
(68:17 / Allies) Air: or
(68:20 / Allies) Doodlebug122: ya ill kill one
(68:26 / Allies) Air: he has no one
(68:28 / Allies) Air: at his base
(68:44 / All) Doodlebug122: so when are you taking the tour my boy??
(68:47 / All) Doodlebug122: times a ticking
(70:29 / All) Doodlebug122: well my boy??
(70:32 / Allies) Air: get mana and lets finis hthis sheit
(70:39 / All) Doodlebug122: the Grand Tower Tour awaits...
(71:42 / Allies) Air: so
(71:44 / Allies) Air: lets end?
(71:47 / Allies) Doodlebug122: noooo
(71:53 / Allies) Air: kk
(71:59 / All) Doodlebug122: hello my boy
(72:03 / Allies) Air: whenever ur redy man
(72:07 / All) Doodlebug122: have you heard of the Grand Tower Tour??
(72:12 / All) Doodlebug122: its all the rage these days
(72:40 / Allies) Air: lets kill this base
(72:44 / Allies) Air: he make me mad
(74:07 / All) Doodlebug122: my boy
(74:14 / All) Doodlebug122: the Grand Tower Tour is still available
(74:20 / All) Elf: stfu faggot
(74:26 / All) Air: reported
(74:29 / All) Air: so toxic
(74:30 / All) Doodlebug122: even rude boys are allowed into the Grand Tower Tour
(75:35 / All) Doodlebug122: my boy
(75:42 / All) Doodlebug122: this Tower Tour is what all true warriors strive for
(76:36 / All) Doodlebug122: well what have we here
(76:43 / All) Doodlebug122: even seige is allowed to the Grand Tower Tour
(77:39 / Allies) Air: we ending this?
(77:41 / Allies) Doodlebug122: nope
(77:46 / Allies) Air: kk
(77:46 / Allies) Doodlebug122: not til he attacks
(77:53 / Allies) Air: can we just destroy his base for fun
(77:59 / Allies) Doodlebug122: no then he wont attack
(78:01 / Allies) Doodlebug122: let him build up
(78:05 / Allies) Air: okok
(78:08 / Allies) Doodlebug122: and charge the towers
(78:54 / All) Doodlebug122: World Premiere!!
(78:57 / All) Doodlebug122: Grand Tower Tour!!
(79:00 / All) Doodlebug122: So fun!!
(80:38 / All) Doodlebug122: The secret password for the Grand Tower Tour is "crim sala bim"
(81:50 / All) Doodlebug122: We know you are saving your gold, so entrance to the Grand Tower Tour is free!!
(82:24 / Allies) Air: brb
(83:25 / All) Doodlebug122: Gotta glom that gold for the Grand Tower Tour!!
(85:08 / All) Doodlebug122: Are you almost ready for the Grand Tower Tour my boy??
(85:11 / All) Doodlebug122: What's the hold up?
(88:09 / Allies) Air: so
(88:15 / Allies) Air: we letting him just get alot of units?
(88:21 / Allies) Doodlebug122: ya
(88:32 / Allies) Air: hes getting glaves
(88:35 / Allies) Air: tho
(88:36 / Allies) Doodlebug122: ya
(88:40 / Allies) Air: ok
(88:46 / Allies) Doodlebug122: dont worry my boy
(88:47 / Allies) Air: lemme sneak in his base again
(88:49 / Allies) Air: lets see whta he got
(89:01 / Allies) Air: i trust u lol
(89:17 / Allies) Air: hes going somewhere
(89:41 / Allies) Air: should we attack?
(89:46 / Allies) Doodlebug122: nope
(89:51 / Allies) Air: mk
(91:11 / All) Doodlebug122: well my boy?
(91:16 / All) Doodlebug122: the Grand Tower Tour awaits!!
(91:23 / All) Elf: cool
(91:25 / All) Doodlebug122: how long are you gonna wait?
(91:27 / All) Elf: i got all the time in the world
(91:28 / All) Elf: no problem
(91:51 / Allies) Air: im so confused
(91:51 / All) Doodlebug122: You can't win by sitting in base you know
(91:57 / Allies) Air: neber seen someone so confident
(91:58 / Allies) Air: lol
(92:01 / All) Elf: no problem
(92:24 / All) Doodlebug122: If you don't come on the Grand Tower Tour we're just gonna kill you
(92:31 / All) Elf: k u do that
(94:05 / All) Doodlebug122: Come along my boy
(94:11 / All) Doodlebug122: Join us on the Grand Tower Tour!!
(94:22 / All) Air: join now
(94:26 / All) Air: or rest in piss
(94:54 / Allies) Air: u missed hhaha
(95:14 / Allies) Air: ooh
(95:48 / All) Doodlebug122: My boy
(95:53 / All) Doodlebug122: the Grand Tower Tour is not to be missed
(96:00 / Allies) Air: we cant get anymore batriders
(96:03 / All) Doodlebug122: Are you coming??
(96:10 / Allies) Doodlebug122: ya we can i got 16k gold
(96:16 / All) Air: pph
(96:18 / Allies) Air: ooh
(96:20 / Allies) Air: jahahahaha
(96:21 / Allies) Air: wtf
(96:25 / Allies) Air: why odnt u get like
(96:35 / All) Doodlebug122: You are close!
(96:40 / All) Doodlebug122: Come on the Tour!!
(96:47 / All) Doodlebug122: Come on up!!!
(96:56 / All) Doodlebug122: My boy, the Tour is not for cowards...
(97:00 / Allies) Air: holy shit
(97:05 / Allies) Air: i think u need more towers
(97:14 / Allies) Doodlebug122: workin on it
(97:17 / Allies) Air: lolol
(97:22 / Allies) Air: like bottom right
(98:17 / All) Doodlebug122: Come on the Grand Tower Tour!!
(98:22 / All) Doodlebug122: It is the only way my boy
(99:05 / All) Doodlebug122: My boy
(99:17 / All) Doodlebug122: For every 10 minutes you do not come on the Grand Tower Tour
(99:22 / All) Doodlebug122: I will kill one unit of yours
(99:29 / All) Elf: ur a faggot irl
(99:49 / All) Doodlebug122: That was just a taste my boy
(99:54 / All) Air: just go on the tour
(99:56 / All) Elf: u play yugioh irl
(99:58 / All) Elf: and ur chinese
(100:01 / All) Doodlebug122: Of what happens to those who do not go on the Grand Tower Tour
(100:29 / All) Doodlebug122: My boy
(100:36 / All) Doodlebug122: Why don't you want to take the Tour??
(100:52 / All) Doodlebug122: A smashing fun time will be had by all
(101:10 / All) Doodlebug122: Well??
(101:47 / All) Doodlebug122: The Grand Tower Tour new promotion!
(101:53 / Allies) Air: trying to attack
(101:53 / Allies) Air: lol
(101:56 / All) Doodlebug122: Come in the next minute for a secret prize!!
(102:03 / Allies) Doodlebug122: lure him in
(102:12 / Allies) Air: u do it
(102:14 / Allies) Air: im not good
(102:26 / Allies) Air: glaves
(102:44 / All) Doodlebug122: WELCOME MY BOY!!!
(102:46 / Allies) Air: so op
(102:52 / All) Elf: u literally
(102:54 / All) Elf: play yugioh
(103:08 / All) Doodlebug122: I play Warcraft III: Grand Tower Edition
(103:12 / All) Elf: stfu
(103:13 / All) Elf: nerd
(103:23 / All) Doodlebug122: There is no need to be angry my boy
(103:29 / All) Air: yeah
(103:42 / Allies) Air: no need
(104:01 / Allies) Air: he killed ur
(104:02 / Allies) Air: wwowow
(104:07 / All) Doodlebug122: Come along on the Grand Tower Tour!!!!
(104:47 / All) Doodlebug122: How many towers can you take??
(104:52 / Allies) Air: glaves
(105:38 / All) Doodlebug122: Come one come all!!
(106:05 / All) Doodlebug122: No seige allowed at the Grand Tower Tour!!
(106:39 / All) Doodlebug122: Why the long face my boy??
(107:26 / All) Doodlebug122: My boy
(107:35 / All) Doodlebug122: What do you think of the Grand Tower Tour??
(107:59 / All) Doodlebug122: Well?
(108:07 / Allies) Air: hey
(108:10 / Allies) Air: my friend
(108:14 / Allies) Air: said soething bout
(108:16 / Allies) Air: we cant end it
(108:21 / Allies) Air: cause he has a secret
(108:26 / Allies) Air: place he hid is
(108:27 / Allies) Doodlebug122: not anymore
(108:31 / Allies) Air: ?
(108:44 / Allies) Doodlebug122: lol i killed it
(108:51 / Allies) Air: oh
(108:53 / Allies) Air: when
(108:54 / Allies) Air: hahhaha
(108:59 / All) Doodlebug122: My boy
(109:06 / All) Doodlebug122: I need your feedback on the Grand Tower Tour
(109:14 / All) Doodlebug122: So that we can improve it for future visitors
(109:23 / All) Air: i like it
(109:29 / All) Air: maybe we can play togther one day
(109:43 / All) Doodlebug122: I am always up for more towering fun!
(109:56 / All) Doodlebug122: What do you think blue??
(110:11 / All) Elf: blue left u retard
(110:19 / All) Doodlebug122: I mean pink the rude boy
(110:23 / All) Doodlebug122: What are your thoughts?
(110:30 / All) Elf: ur a yugioh player irl
(110:47 / Allies) Air: he has somehting else
(111:02 / All) Doodlebug122: I only play Warcraft III and pinochle
(111:47 / Allies) Air: we win?
(111:50 / All) Doodlebug122: Come to the towers my boy
(111:55 / All) Doodlebug122: There is no other way
(111:59 / All) Doodlebug122: But the way of courage
(112:09 / All) Doodlebug122: Lets see your last stand
(112:31 / All) Elf: nice mh
(112:41 / All) Doodlebug122: Come to the Tower Tour my boy
(112:45 / All) Elf: nice maphack
(112:46 / All) Elf: lol
(113:08 / All) Doodlebug122: My boy
(113:16 / All) Doodlebug122: the Grand Tower Tour is the only courageous way out
(113:26 / All) Doodlebug122: Otherwise the game will be anticlimactic
(113:34 / All) Elf: no
(113:38 / All) Elf: u made the game anticlimatic
(113:39 / All) Elf: faggot
(113:45 / All) Doodlebug122: You are very rude my boy
(113:52 / All) Doodlebug122: I ought to spank your behind
(113:56 / All) Elf: finish the game then
(113:57 / All) Elf: come on
(114:03 / All) Air: (:
(114:12 / All) Elf: (:
(114:14 / Allies) Air: lol
(114:18 / All) Doodlebug122: Just goes to show that rudeness never pays off my boy
(114:24 / All) Air: yup
(114:28 / All) Air: yup
(114:53 / All) Doodlebug122: GG MY BOY
(114:54 / All) Elf: pussy